 Dungeon Crawl Stone Soup version 0.27.0 (webtiles) character file.

Game seed: 4821715102008795643

298 dwjmeijer the Cleaver (level 6, -5/52 HPs)
             Began as a Minotaur Berserker on July 30, 2021.
             Was a Believer of Trog.
             Slain by Duvessa (16 damage)
             ... on level 4 of the Dungeon.
             The game lasted 00:11:43 (2287 turns).

dwjmeijer the Cleaver (Minotaur Berserker)          Turns: 2287, Time: 00:11:44

Health: -5/52      AC:  3    Str: 23    XL:     6   Next: 13%
Magic:  5/5        EV: 11    Int:  4    God:    Trog [**....]
Gold:   142        SH:  0    Dex:  8    Spells: 5/5 levels left

rFire    + . .     SeeInvis .   a - +0 hand axe
rCold    . . .     Faith    +   (no shield)
rNeg     . . .     Spirit   .   f - +0 leather armour
rPois    .         Reflect  .   (helmet restricted)
rElec    .         Harm     .   (no cloak)
rCorr    .         Rampage  .   (no gloves)
Will     .....                  (no boots)
Stlth    +.........             e - amulet of faith
HPRegen  0.17/turn              h - ring of protection from fire
MPRegen  0.09/turn              (no ring)

@: no status effects
A: horns 2, retaliatory headbutt, hooves 1, clumsy 1, screaming 1
a: Renounce Religion, Berserk, Trog's Hand


You were on level 4 of the Dungeon.
You worshipped Trog.
Trog was pleased with you.
You visited 1 branch of the dungeon, and saw 4 of its levels.

You collected 142 gold pieces.

Inventory:

Hand Weapons
 a - a +0 hand axe (weapon)
Armour
 b - a +0 animal skin
 f - a +0 leather armour (worn)
Jewellery
 e - an amulet of faith (around neck)
 h - a ring of protection from fire (left hand)
Scrolls
 d - 3 scrolls of teleportation {unknown}
Potions
 c - a potion of might {unknown}
 g - a potion of heal wounds


   Skills:
 - Level 3.9 Fighting
 * Level 8.1 Axes
 - Level 2.5 Armour
 - Level 2.2 Dodging


You had 5 spell levels left.
You didn't know any spells.
Your spell library contained the following spells:

 Spells                   Type           Power      Damage    Failure   Level
 Slow                     Hex            0%         N/A       69%         2
 Confusing Touch          Hex            0%         N/A       89%         3
 Animate Armour           Summ/Erth      0%         N/A       100%        4
 Blade Hands              Tmut           0%         N/A       100%        5
 Yara's Violent Unravell  Hex/Tmut       0%         3d3       100%        5
 Iron Shot                Conj/Erth      0%         9d1       100%        6


Dungeon Overview and Level Annotations

Branches:
Dungeon (4/15)
 Temple: D:4-7

Altars:
Kikubaaqudgha

Annotations:
D:4 Dowan, Duvessa, Ijyb


Innate Abilities, Weirdness & Mutations

You have a pair of horns on your head.
You reflexively headbutt those who attack you in melee.
You have large cloven feet.
You are clumsy. (Dex -2)
You occasionally shout uncontrollably at your foes.


Message History

You slash the hound! Your kick misses the hound.
The hound is almost dead.
The hound closely misses you.
Duvessa, Sister of Dowan comes into view.
She is wielding a +0 rapier.
You hit the hound.
You kill the hound!
Trog accepts your kill.
Ijyb the Twisted Goblin comes into view.
She is wielding a +0 dagger and carrying a wand of flame (28).
Found an orange potion.
Dowan, Brother of Duvessa comes into view.
He is wielding a +0 dagger and wearing a +2 robe of cold resistance.
Dowan shouts!
A hound skeleton comes into view.
Dowan gestures at Duvessa while chanting.
Duvessa seems to speed up.
An orc comes into view. It is wielding a +0 mace.
You see here 12 gold pieces.
You now have 142 gold pieces (gained 12).
The orc shouts!
You hit Duvessa. You kick Duvessa, but do no damage.
Your headbutt misses Duvessa.
Duvessa is lightly wounded.
Duvessa hits you with a +0 rapier! Duvessa hits you with a +0 rapier.
You completely miss Duvessa. You kick Duvessa.
Duvessa is lightly wounded.
You hit Ijyb but do no damage. Duvessa hits you with a +0 rapier!
You barely miss Duvessa. You kick Duvessa. Your headbutt misses Duvessa.
Duvessa is moderately wounded.
You closely miss Ijyb. Duvessa hits you with a +0 rapier!
* * * LOW HITPOINT WARNING * * *
Ijyb hits you but does no damage. Duvessa hits you with a +0 rapier.
* * * LOW HITPOINT WARNING * * *
Duvessa barely misses you. The orc hits you but does no damage.
Dowan casts a spell.
Dowan blinks!
Duvessa closely misses you.
Dowan casts a spell.
Dowan blinks!
Duvessa hits you with a +0 rapier!
You die...

.##. ........##.
#.......... ### ##
........... #.####.##
..........###..##<..#
#.......#........)..##
#......#.e..........#
#......#ge@........##
#......Zo.#......###
.........#.........#
....!..ยง##.###..#..#
.......###.. #.##....#
.#.##.. #.....###...#
# #.. ###.#.# ##.# ..^
.#.. .# .... ....


You could see Duvessa (fast), Ijyb, Dowan, an orc and a hound skeleton.

Vanquished Creatures
  An ogre (D:4)
  A bullfrog skeleton (D:3)
  A hound (D:4)
  A jelly (D:3)
  An orc priest (D:3)
  2 adders
  9 orcs (D:3)
  7 endoplasms
  2 giant cockroaches
  4 goblins
  5 hobgoblins
  3 jackals (D:3)
  5 kobolds (D:1)
  2 quokkas (D:2)
  6 ball pythons
  6 bats
  3 frilled lizards
  7 rats
66 creatures vanquished.

Vanquished Creatures (others)
  A plant (D:1)
1 creature vanquished.

Grand Total: 67 creatures vanquished

Notes
Turn   | Place    | Note
-------+----------+-------------------------------------------
     0 | D:1      | dwjmeijer the Minotaur Berserker began the quest for the
                  | Orb.
     0 | D:1      | Reached XP level 1. HP: 19/19 MP: 0/0
   144 | D:1      | Reached skill level 4 in Axes
   144 | D:1      | Reached XP level 2. HP: 26/27 MP: 1/1
   460 | D:1      | Found a faded altar of an unknown god.
   917 | D:2      | Gained mutation: You occasionally shout uncontrollably at
                  | your foes. [potion of mutation]
   917 | D:2      | Gained mutation: You are clumsy. (Dex -2) [potion of
                  | mutation]
   917 | D:2      | Gained mutation: You have large cloven feet. [potion of
                  | mutation]
   950 | D:2      | Reached XP level 3. HP: 30/33 MP: 2/2
   966 | D:2      | Reached ** piety under Trog
   967 | D:2      | Reached skill level 5 in Axes
  1086 | D:2      | Found an ancient bone altar of Kikubaaqudgha.
  1481 | D:3      | Reached XP level 4. HP: 40/40 MP: 3/3
  1484 | D:3      | Reached skill level 6 in Axes
  1751 | D:3      | Reached XP level 5. HP: 44/46 MP: 4/4
  1802 | D:3      | Reached skill level 7 in Axes
  2258 | D:4      | Noticed an ogre
  2261 | D:4      | Killed an ogre
  2262 | D:4      | Reached skill level 8 in Axes
  2262 | D:4      | Reached XP level 6. HP: 52/52 MP: 5/5
  2275 | D:4      | Noticed Duvessa
  2277 | D:4      | Noticed Ijyb
  2278 | D:4      | Noticed Dowan
  2287 | D:4      | Slain by Duvessa

Illustrated notes

Levels and vault maps discovered:
D:1:      onia_arrival_handbag, layout_basic,
          hellmonk_ecumenical_altar_slurped_away, serial_bayou_pond_c
D:2:      layout_loops_ring, basic_altar, minmay_misc_feat_pillars
D:3:      minmay_diamond_boxcup, layout_rooms, corexii_leaking_fountain
D:4:      layout_cave_pools, gammafunk_ghost_abyssal_escape, uniq_duvessa,
          uniq_robin, uniq_ijyb, uniq_sigmund

Skill      XL: |  1  2  3  4  5 |
---------------+----------------+-----
Axes           | 4 5 6 8 |  8.1
Fighting       | |  3.9
Armour         | |  2.5
Dodging        | |  2.2

Action                   |  1- 3 |  4- 6 || total
-------------------------+-------+-------++-------
Melee: Hand axe          |    52 |    51 ||   103
       Headbutt          |     4 |     5 ||     9
       Kick              |     6 |    16 ||    22
Invok: Berserk           |     1 |       ||     1
  Use: Scroll            |     5 |       ||     5
       Potion            |     2 |       ||     2
 Stab: Sleeping          |     1 |       ||     1
Armor: Animal skin       |     5 |       ||     5
       Leather armour    |     4 |    10 ||    14
Dodge: Dodged            |    37 |    25 ||    62
